 Dungeon Crawl Stone Soup version 0.31.0-11-ge490571c62 (webtiles) character file.

Game seed: 1691108444031110731

174 qw the Skirmisher (level 5, 0/29 HPs)
             Began as a Deep Elf Hunter on Feb 4, 2024.
             Slain by a gnoll
             ... wielding a +0 halberd
              (3 damage)
             ... on level 4 of the Dungeon.
             The game lasted 00:00:13 (3070 turns).

qw the Skirmisher (Deep Elf Hunter)                 Turns: 3070, Time: 00:00:14

Health: 0/29       AC:  8    Str: 12    XL:     5   Next: 28%
Magic:  7/7        EV: 11    Int: 16    God:
Gold:   70         SH:  5    Dex: 18    Spells: 4/4 levels left

rFire   + . .        a - +2 shortbow
rCold   + . .        (shield currently unavailable)
rNeg    + . .        m - +0 ring mail
rPois   +            b - -2 hat of the Alchemist {rElec rPois rF+ rC+ rN+ Will+ rMut rCorr}
rElec   +            j - +1 cloak {Will+}
rCorr   +            (no gloves)
SInv    .            k - +2 pair of boots
Will    ++...        d - amulet "Pivioluv" {Reflect Str+2 Int+2 SH+5}
Stlth   +            (no ring)
HPRegen 0.24/turn    (no ring)
MPRegen 0.10/turn

%: reflection, resist mutation
@: lethally poisoned (0 -> -6)
A: no striking features
a: no special abilities


You were on level 4 of the Dungeon.
You visited 1 branch of the dungeon, and saw 4 of its levels.

You collected 160 gold pieces.
You spent 90 gold pieces at shops.


   Skills:
 - Level 1.5 Fighting
 + Level 8.8 Ranged Weapons
 - Level 2.4 Dodging
 - Level 1.2 Stealth


You had 4 spell levels left.
You didn't know any spells.
Your spell library was empty.

Inventory:

Hand Weapons
 a - a +2 shortbow (weapon)
Armour
 b - the -2 hat of the Alchemist (worn) {rElec rPois rF+ rC+ rN+ Will+ rMut rCorr}
   (You found it on level 2 of the Dungeon)

   rF+:       It protects you from fire.
   rC+:       It protects you from cold.
   rElec:     It insulates you from electricity.
   rPois:     It protects you from poison rN+: It protects you from negative
   energy.
   Will+:     It increases your willpower.
   rCorr:     It protects you from acid and corrosion.
   rMut:      It protects you from mutation.
 j - a +1 cloak of willpower (worn)
 k - a +2 pair of boots (worn)
 m - a +0 ring mail (worn)
 o - a scarf of resistance
Jewellery
 d - the amulet "Pivioluv" (around neck) {Reflect Str+2 Int+2 SH+5}
   (You acquired it on level 3 of the Dungeon)

   [amulet of reflection]

   Reflect:   It reflects blocked missile attacks.
   Str+2:     It affects your strength (+2).
   Int+2:     It affects your intelligence (+2).
   SH+5:      It affects your SH (+5).
Wands
 c - a wand of charming (8)
Scrolls
 g - a scroll of fear {unknown}
Potions
 e - a potion of haste {unknown}
 f - a potion of curing
 i - a potion of mutation {unknown}
 l - a potion of enlightenment

Dungeon Overview and Level Annotations

Branches:
Dungeon (4/15)
 Temple: D:4-7

Altars:
Zin

Annotations:
D:3 1 runed translucent door, Crazy Yiuf


Message History

You kill the gnoll!
A scorpion comes into view.
Enter note:
Enter note:
3059 ||| RETREEEEATING.
Enter note:
3060 ||| RETREEEEATING.
Enter note:
Enter note:
3061 ||| RETREEEEATING.
Enter note:
3062 ||| RETREEEEATING.
Enter note:
3063 ||| RETREEEEATING.
3064 ||| RETREEEEATING.
You shoot an arrow. The arrow hits the scorpion.
The scorpion is lightly wounded.
You shoot an arrow.
The arrow hits the scorpion but does no damage.
You block the scorpion's attack.
You shoot an arrow. The arrow barely misses the scorpion.
The arrow barely misses the gnoll.
The arrow closely misses the gnoll.
The scorpion stings you. The gnoll misses you.
You shoot an arrow. The arrow hits the scorpion!
The scorpion is severely wounded.
The scorpion stings you.
You are poisoned.
The scorpion poisons you!
The gnoll hits you from afar with a +0 halberd!
You shoot an arrow. The arrow hits the scorpion.
You kill the scorpion!
You feel very sick. The gnoll closely misses you.
A quokka comes into view.
You have reached level 5!
You shoot an arrow. The arrow barely misses the gnoll.
The arrow hits the gnoll!
The gnoll is severely wounded.
You feel sick.
The gnoll hits you from afar with a +0 halberd.
You die...

#########........###
............##.#....#
#########...##.######
#.......##.#
#.########.# #.# #.#
#<# ..# #.# ### #@# #
#.# .# ######g####.#
#..>..gg....#
#..........##
#.......r..####
#.........g....
########.......
.......


You could see 3 gnolls and a quokka.

Vanquished Creatures
  A scorpion (D:4)
  4 gnolls
  2 adders (D:3)
  A ribbon worm (D:3)
  2 dart slugs (D:1)
  An orc (D:3)
  8 bats
  5 endoplasms
  2 giant cockroaches
  4 goblins (D:2)
  3 hobgoblins
  3 jackals (D:3)
  8 ball pythons
  3 frilled lizards (D:1)
  5 kobolds
  A rat (D:3)
53 creatures vanquished.

Notes
Turn   | Place    | Note
-------+----------+-------------------------------------------
     0 | D:1      | qw the Deep Elf Hunter began the quest for the Orb.
     0 | D:1      | Reached XP level 1. HP: 12/12 MP: 3/3
     0 | D:1      | 0 ||| qw: Version: 0.3-a-160-g6735b56
     0 | D:1      | 0 ||| qw: Game counter: 4721
     0 | D:1      | 0 ||| qw: Melee chars always use a shield: true
     0 | D:1      | 0 ||| qw: God list: Okawaru
     0 | D:1      | 0 ||| qw: Allow faded altars: false
     0 | D:1      | 0 ||| qw: Do Orc after clearing Dungeon:15 true
     0 | D:1      | 0 ||| qw: Do second Lair branch before Depths: true
     0 | D:1      | 0 ||| qw: Lair rune preference: random
     0 | D:1      | 0 ||| qw: Goals: Normal
     0 | D:1      | 0 ||| PLANNING D:1-11
   152 | D:1      | Reached XP level 2. HP: 12/16 MP: 4/4
   193 | D:1      | Reached skill level 6 in Ranged Weapons
   825 | D:1      | 825 ||| UPGRADING to +0 cloak.
   830 | D:1      | 830 ||| UPGRADING to +0 pair of boots.
   835 | D:1      | 835 ||| UPGRADING to scarf of resistance.
   845 | D:1      | 845 ||| DROPPING +6 ring of intelligence.
   846 | D:1      | 846 ||| READING scroll labelled JIGGEY KOFI.
   847 | D:1      | 847 ||| READING scroll labelled YBBEIN AGYESE.
   852 | D:1      | 852 ||| READING scroll labelled ZINAF KULI.
   852 | D:1      | 852 ||| ENCHANTING +0 shortbow.
   853 | D:1      | 853 ||| DROPPING scroll of butterflies.
   958 | D:2      | Reached XP level 3. HP: 20/20 MP: 5/5
   970 | D:2      | Found the -2 hat of the Alchemist {rElec rPois rF+ rC+ rN+
                  | Will+ rMut rCorr}
  1530 | D:2      | 1530 ||| UPGRADING to -2 hat of the Alchemist {rElec rPois
                  | rF+ rC+ rN+ Will+ rMut rCorr}.
  1535 | D:2      | 1535 ||| DROPPING +0 cloak.
  1536 | D:2      | 1536 ||| UPGRADING to +0 cloak of willpower.
  1546 | D:2      | 1546 ||| UPGRADING to +0 ring mail.
  1556 | D:2      | 1556 ||| DROPPING +0 leather armour.
  1557 | D:2      | 1557 ||| READING scroll labelled BAL RAERU ZUST.
  1557 | D:2      | 1557 ||| ENCHANTING +0 pair of boots.
  1558 | D:2      | 1558 ||| READING scroll labelled SASEOC NESSO.
  1559 | D:2      | 1559 ||| DRINKING 2 white potions.
  1610 | D:3      | Reached skill level 7 in Ranged Weapons
  1615 | D:3      | HP: 5/20 [jackal (2)]
  1616 | D:3      | 1616 ||| READING scroll of teleportation.
  1624 | D:3      | HP: 2/20 [hobgoblin (3)]
  1706 | D:3      | Found Zin's Purification Station.
  1709 | D:3      | Found a glowing silver altar of Zin.
  1712 | D:3      | 1712 ||| BUYING potion of curing (90 gold).
  1712 | D:3      | Bought a potion of curing for 90 gold pieces
  1820 | D:3      | HP: 5/20 [adder (3)]
  1968 | D:3      | 1968 ||| RETREEEEATING.
  1975 | D:3      | Reached XP level 4. HP: 12/25 MP: 6/6
  1980 | D:3      | 1980 ||| FLEEEEING.
  1981 | D:3      | 1981 ||| FLEEEEING.
  1982 | D:3      | 1982 ||| FLEEEEING.
  1983 | D:3      | 1983 ||| FLEEEEING.
  1984 | D:3      | 1984 ||| FLEEEEING.
  1985 | D:3      | 1985 ||| FLEEEEING.
  1986 | D:3      | 1986 ||| FLEEEEING.
  1987 | D:3      | 1987 ||| FLEEEEING.
  1988 | D:3      | 1988 ||| FLEEEEING.
  1989 | D:3      | 1989 ||| FLEEEEING.
  1990 | D:3      | 1990 ||| FLEEEEING.
  1991 | D:3      | 1991 ||| FLEEEEING.
  1992 | D:3      | 1992 ||| FLEEEEING.
  1993 | D:3      | 1993 ||| FLEEEEING.
  1994 | D:3      | 1994 ||| FLEEEEING.
  1995 | D:3      | 1995 ||| FLEEEEING.
  1996 | D:3      | 1996 ||| FLEEEEING.
  1997 | D:3      | 1997 ||| FLEEEEING.
  1998 | D:3      | 1998 ||| FLEEEEING.
  1999 | D:3      | 1999 ||| FLEEEEING.
  2000 | D:3      | 2000 ||| FLEEEEING.
  2001 | D:3      | 2001 ||| STAIRDANCE
  2045 | D:2      | 2045 ||| READING scroll labelled SINGEDUFITH.
  2045 | D:2      | 2045 ||| IDENTIFYING viscous yellow potion
  2046 | D:2      | 2046 ||| READING scroll labelled WAUXKO VUGG.
  2047 | D:2      | 2047 ||| DRINKING 2 smoky ruby potions.
  2048 | D:2      | 2048 ||| DROPPING potion of berserk rage.
  2049 | D:2      | 2049 ||| DROPPING potion of attraction.
  2207 | D:3      | 2207 ||| READING scroll of enchant armour.
  2207 | D:3      | 2207 ||| ENCHANTING +1 pair of boots.
  2292 | D:3      | Found a runed translucent door.
  2293 | D:3      | Noticed Crazy Yiuf
  2465 | D:3      | 2465 ||| READING scroll of enchant armour.
  2465 | D:3      | 2465 ||| ENCHANTING +0 cloak of willpower.
  2581 | D:3      | Reached skill level 8 in Ranged Weapons
  2931 | D:3      | 2931 ||| READING scroll labelled KOEGAI FOSOGG.
  2931 | D:3      | Identified a scroll of acquirement
  2931 | D:3      | 2931 ||| ACQUIRING amulet "Pivioluv" {Reflect Str+2 Int+2
                  | SH+5}
  2931 | D:3      | Acquired the amulet "Pivioluv" {Reflect Str+2 Int+2 SH+5}
  2933 | D:3      | 2933 ||| UPGRADING to amulet "Pivioluv" {Reflect Str+2
                  | Int+2 SH+5}.
  3021 | D:4      | 3021 ||| READING scroll of enchant weapon.
  3021 | D:4      | 3021 ||| ENCHANTING +1 shortbow.
  3058 | D:4      | Noticed a scorpion
  3059 | D:4      | 3059 ||| RETREEEEATING.
  3060 | D:4      | 3060 ||| RETREEEEATING.
  3061 | D:4      | 3061 ||| RETREEEEATING.
  3062 | D:4      | 3062 ||| RETREEEEATING.
  3063 | D:4      | 3063 ||| RETREEEEATING.
  3064 | D:4      | 3064 ||| RETREEEEATING.
  3069 | D:4      | Killed a scorpion
  3069 | D:4      | HP: 4/25 [poisoned by a scorpion]
  3070 | D:4      | Reached XP level 5. HP: 5/29 MP: 7/7
  3070 | D:4      | Slain by a gnoll

Levels and vault maps discovered:
D:1:      nagdon_arrival_double_spiral, layout_basic, minivault_11
D:2:      layout_basic
D:3:      layout_basic, zin_purify, minmay_misc_feat_hallway,
          uniq_crazy_yiuf_cottage
D:4:      layout_basic, mainiacjoe_overflow_swirl, minivault_1

Skill      XL: |  1  2  3  4 |
---------------+-------------+-----
Ranged Weapons | 6 7 8 |  8.8
Fighting       | |  1.5
Dodging        | |  2.4
Stealth        | |  1.2

Action                     |  1- 3 |  4- 6 || total
---------------------------+-------+-------++-------
   Fire: Shortbow          |   134 |    42 ||   176
    Use: Scroll            |     6 |     6 ||    12
         Potion            |     1 |     1 ||     2
 Armour: Leather armour    |    11 |       ||    11
         Ring mail         |    58 |     9 ||    67
  Dodge: Dodged            |    51 |    11 ||    62
  Block: Other             |       |     1 ||     1

Table legend:
 A = Non-vault XP
 B = Vault XP
 C = Vault XP percentage of total XP
 D = Non-vault monster count
 E = Vault monster count
 F = Vault count percentage of total count
                 A         B        C        D         E       F
            +---------+---------+-------+---------+---------+-------
      Total |     249 |       0 |   0.0 |      53 |       0 |   0.0
            +---------+---------+-------+---------+---------+-------
        D:1 |      39 |       0 |   0.0 |      22 |       0 |   0.0
        D:2 |      11 |       0 |   0.0 |       6 |       0 |   0.0
        D:3 |     103 |       0 |   0.0 |      22 |       0 |   0.0
        D:4 |      96 |       0 |   0.0 |       3 |       0 |   0.0
            +---------+---------+-------+---------+---------+-------
